 Dungeon Crawl Stone Soup version 0.30-a0-509-gd016549fea (webtiles) character file.

Game seed: 372076307267202859

6350 porpoise the Slasher (level 10, -21/79 HPs)
             Began as a Barachi Summoner on Dec 22, 2022.
             Was a Follower of Cheibriados.
             Demolished by a white ugly thing (23 damage)
             ... on level 9 of the Dungeon on Dec 23, 2022.
             The game lasted 00:55:10 (9179 turns).

porpoise the Slasher (Barachi Summoner)             Turns: 9179, Time: 00:55:11

Health: -21/79     AC:  9    Str:  9    XL:     10   Next: 96%
Magic:  11/17      EV: 14    Int: 23    God:    Cheibriados [*.....]
Gold:   584        SH:  0    Dex: 17    Spells: 1/19 levels left

rFire   + + .      SeeInvis .    a - +6 scimitar of Chaos {flame, rF+ Str-4 Int+2}
rCold   . . .      Faith    .    (no shield)
rNeg    . . .      Spirit   .    i - +2 leather armour {rF+}
rPois   +          Reflect  .    e - +1 helmet
rElec   .          Harm     .    p - +0 cloak
rCorr   .          Rampage  .    (no gloves)
Will    .....                    (no boots)
Stlth   ++........               B - amulet of the acrobat
HPRegen 0.33/turn                f - ring of poison resistance
MPRegen 0.15/turn                (no ring)

@: very slow
A: amphibious, slowness 1, strong legs 1, +LOS
a: Hop, Renounce Religion, Bend Time


You were on level 9 of the Dungeon.
You worshipped Cheibriados.
Cheibriados was aware of your devotion.
You visited 2 branches of the dungeon, and saw 10 of its levels.
You also visited: Ossuary.

You collected 662 gold pieces.
You spent 78 gold pieces at shops.

Inventory:

Hand Weapons
 a - the +6 scimitar of Chaos (weapon) {flame, rF+ Str-4 Int+2}
   (You found it on level 3 of the Dungeon)

   It burns those it strikes, dealing additional fire damage.
   Big, fiery blades are also staple armaments of hydra-hunters.
   Str:       It affects your strength (-4).
   Int:       It affects your intelligence (+2).
   rF:        It protects you from fire.
 b - a +3 dagger of venom
 c - a +2 whip of electrocution
 E - the +8 mace of Wrongful Imprisonment {protect, rElec rC+}
   (You found it on level 5 of the Dungeon)

   It grants its wielder temporary protection when it strikes (+7 to AC).
   rC:        It protects you from cold.
   rElec:     It insulates you from electricity.
Missiles
 g - 38 poisoned darts (quivered)
 O - a curare-tipped dart
 Q - a throwing net
 R - a boomerang
 S - 2 silver javelins
Armour
 e - a +1 helmet (worn)
 i - a +2 leather armour of fire resistance (worn)
 p - a +0 cloak (worn)
 G - a +1 ring mail of cold resistance
Jewellery
 f - a ring of poison resistance (left hand)
 r - an amulet of magic regeneration
 t - an amulet of faith
 B - an amulet of the acrobat (around neck)
 P - a ring of protection from fire
Wands
 h - a wand of charming (9)
 w - a wand of light (2)
 C - a wand of flame (25)
 H - a wand of digging (9)
 N - a wand of polymorph (13)
Scrolls
 j - a scroll of amnesia
 v - a scroll of magic mapping
 x - 2 scrolls of vulnerability
 A - a scroll of enchant armour
 D - a scroll of fog
 F - a scroll of immolation
 I - a scroll of blinking {unknown}
 K - a scroll of teleportation
 L - a scroll of brand weapon
 M - 2 scrolls of enchant weapon
 T - a scroll of acquirement {unknown}
Potions
 d - 3 potions of cancellation
 k - a potion of lignification
 l - 5 potions of curing
 m - 2 potions of flight
 n - 2 potions of haste
 o - a potion of might
 q - a potion of mutation
 s - 4 potions of attraction
 u - a potion of resistance
 y - a potion of magic
 z - a potion of brilliance
 J - a potion of berserk rage {unknown}


   Skills:
 - Level 7.0 Fighting
 + Level 7.8 Long Blades
 - Level 7.0 Armour
 + Level 6.1 Dodging
 - Level 1.7 Stealth
 - Level 5.0 Spellcasting
 - Level 7.0 Hexes
 - Level 7.0 Summonings
 - Level 7.0 Air Magic


You had one spell level left.
You knew the following spells:

 Your Spells              Type           Power      Damage    Failure   Level
a - Summon Small Mammal   Summ           100%       N/A       1%          1
b - Call Imp              Summ           37%        N/A       1%          2
c - Call Canine Familiar  Summ           37%        N/A       1%          3
l - Summon Lightning Spi  Summ/Air       37%        N/A       7%          4
t - Tukima's Dance        Hex            37%        N/A       1%          3
y - Yara's Violent Unrav  Hex/Tmut       10%        3d6       63%         5

Your spell library contained the following spells:

 Spells                   Type           Power      Damage    Failure   Level
 Slow                     Hex            100%       N/A       1%          1
 Apportation              Tloc           10%        N/A       12%         1
 Freeze                   Ice            20%        1d4       12%         1
 Necrotise                Necr           20%        1d5       12%         1
 Confusing Touch          Hex            37%        N/A       1%          3
 Summon Guardian Golem    Hex/Summ       37%        N/A       1%          3
 Frozen Ramparts          Ice            10%        1d2       36%         3
 Hailstorm                Conj/Ice       5%         3d4       36%         3
 Vampiric Draining        Necr           5%         2d6       36%         3
 Passage of Golubria      Tloc           5%         N/A       77%         4


Dungeon Overview and Level Annotations

Branches:
Dungeon (9/15)             Temple (1/1) D:7         Ossuary (visited)
   Lair: D:8-11         Orc: D:9-12

Altars:
Cheibriados
Elyvilon
Fedhas
Gozag
Hepliaklqana
Kikubaaqudgha
Makhleb
Qazlal
Ru
Sif Muna
Trog
Uskayaw
Vehumet
Wu Jian
Xom
Yredelemnul
The Shining One
Lugonu

Shops:
D:7 ?   D:9 (

Annotations:
D:8 1 runed translucent door


Innate Abilities, Weirdness & Mutations

You are amphibious.
You cover ground slowly.
You can hop short distances.
You have an extended range of vision and can be seen from far away.


Message History

Casting: Call Canine Familiar (safe; 1% risk of failure)
Confirm with . or Enter, or press ? or * to list all spells.
A shadowy apparition takes form in the air.
Casting: Call Imp (safe; 1% risk of failure)
Confirm with . or Enter, or press ? or * to list all spells.
You swap places.
The white ugly thing closely misses you.
Your shadow imp hits the white ugly thing.
The white ugly thing closely misses you.
Something tail-slaps your shadow imp!
Your shadow imp dies!
Your shadow imp disappears in a puff of smoke!
The white ugly thing tail-slaps you! The white ugly thing freezes you!!
Your hound bites the white ugly thing.
The white ugly thing misses you.
You slash the white ugly thing! You burn the white ugly thing.
The white ugly thing is heavily wounded.
Your hound bites the white ugly thing.
The white ugly thing tail-slaps you. The white ugly thing freezes you!!
* * * LOW HITPOINT WARNING * * *
Your hound bites the white ugly thing.
You hit the white ugly thing but do no damage.
The white ugly thing is heavily wounded.
Your hound bites the white ugly thing but does no damage.
The white ugly thing tail-slaps you but does no damage.
You hit the white ugly thing. You burn the white ugly thing.
The white ugly thing is heavily wounded.
Your hound bites the white ugly thing.
The white ugly thing tail-slaps you but does no damage.
Your hound bites the white ugly thing.
You hit the white ugly thing. You burn the white ugly thing.
The white ugly thing is severely wounded.
Your hound bites the white ugly thing but does no damage.
The white ugly thing closely misses you.
You slash the white ugly thing! You burn the white ugly thing.
The white ugly thing is almost dead.
Your hound closely misses the white ugly thing.
The white ugly thing tail-slaps you.
* * * LOW HITPOINT WARNING * * *
The white ugly thing freezes you!!
You die...

#.##.##≈≈.≈≈# #.##. #.##.##.....#
#.##. #.##.##.....# #.##.
#######.#..##.....##*########.##.
#.......#.###......,,.>.........>
#.#######.# #.....#**#########.#.
#.# #.# *#.h..# #.#. #.# #.#
*#u#.# #.#. #)# ##.## #.@.#
##########.#.
#.######...######.###...)......#.
..................#...))#####..#.
#####.##...########.....#####<.#.
####.#.##.######....)............
....###.....>.....#......####..##
.....#.[..#######.#......# #..##
#####.##### #........# #.... #
### ###.....## #.###


You could see a white ugly thing (ally target) and a friendly hound (summoned).

Vanquished Creatures
  A two-headed ogre (D:9)
  Pikel (D:5)
  A gargoyle (D:8)
  Sigmund (D:3)
  Eustachio (D:5)
  3 yaks (D:7)
  A steam dragon (D:6)
  A water moccasin (D:6)
  An orc warrior (D:9)
  2 black bears (D:6)
  2 ice beasts
  3 sky beasts
  An ogre (D:5)
  A centaur (D:5)
  A lemure (D:5)
  2 phantoms
  A kobold brigand (D:8)
  4 elf zombies (Ossuary)
  2 bullfrogs
  A necrophage (D:6)
  A gnoll sergeant (D:5)
  3 scorpions
  2 wights (D:8)
  3 howler monkeys
  A crimson imp (D:6)
  A centaur zombie (Ossuary)
  A hound (D:5)
  3 jellies
  A human zombie (Ossuary)
  An orc priest (D:9)
  4 iguanas
  2 orc wizards (D:7)
  2 mummies (Ossuary)
  9 gnolls
  6 adders
  2 shadow imps
  2 white imps (D:6)
  An ufetubus (D:6)
  4 adder zombies (Ossuary)
  A worm (D:2)
  A dart slug (D:3)
  15 orcs
  2 ball pythons
  4 bats
  4 endoplasms
  A giant cockroach (D:3)
  8 goblins
  5 hobgoblins
  2 quokkas
  3 training dummies (D:9)
  A frilled lizard (D:2)
  A goblin zombie (Ossuary)
  A hobgoblin zombie (Ossuary)
  3 jackal zombies (Ossuary)
  6 kobolds
  8 kobold zombies (Ossuary)
  2 rats
  2 rat zombies (Ossuary)
150 creatures vanquished.

Vanquished Creatures (collateral kills)
  Edmund (D:5)
  A sky beast (D:8)
  An ogre (D:4)
  A lemure (D:5)
  A phantom (D:5)
  A kobold brigand (D:6)
  An elf zombie (Ossuary)
  2 bullfrogs
  A necrophage (D:8)
  2 scorpions
  2 wights (D:8)
  2 howler monkeys (D:7)
  A hound (D:4)
  A jelly (D:6)
  Crazy Yiuf (D:3)
  2 orc priests
  An iguana (D:5)
  A mummy (Ossuary)
  Robin (D:2)
  4 adders
  4 gnolls (D:5)
  An adder zombie (Ossuary)
  2 worms (D:2)
  A dart slug (D:2)
  11 orcs
  4 ball pythons
  4 bats
  3 endoplasms (D:3)
  4 giant cockroaches
  8 goblins
  8 hobgoblins
  10 kobolds
  A quokka (D:3)
  5 frilled lizards
  A goblin zombie (Ossuary)
  2 hobgoblin zombies (Ossuary)
  4 rats
  A rat zombie (Ossuary)
102 creatures vanquished.

Vanquished Creatures (others)
  3 dancing weapons
3 creatures vanquished.

Grand Total: 255 creatures vanquished

Notes
Turn   | Place    | Note
-------+----------+-------------------------------------------
     0 | D:1      | porpoise the Barachi Summoner began the quest for the Orb.
     0 | D:1      | Reached XP level 1. HP: 13/13 MP: 3/3
   322 | D:1      | Reached skill level 5 in Summonings
   419 | D:1      | Reached XP level 2. HP: 20/20 MP: 3/5
   498 | D:1      | Learned a level 2 spell: Call Imp
   657 | D:2      | Reached skill level 1 in Fighting
  1167 | D:2      | Reached XP level 3. HP: 26/26 MP: 1/7
  1171 | D:2      | Learned a level 3 spell: Call Canine Familiar
  1431 | D:2      | Reached XP level 4. HP: 16/33 MP: 4/8
  1435 | D:2      | Noticed Robin
  1450 | D:2      | Killed Robin
  1816 | D:2      | Found a faded altar of an unknown god.
  2082 | D:3      | Upgraded the game from 0.30-a0-476-g330ca2eb8e to
                  | 0.30-a0-509-gd016549fea
  2089 | D:3      | Reached XP level 5. HP: 40/40 MP: 6/10
  2163 | D:3      | Learned a level 3 spell: Tukima's Dance
  2393 | D:3      | Noticed Sigmund
  2409 | D:3      | Killed Sigmund
  2410 | D:3      | Reached XP level 6. HP: 35/47 MP: 10/12
  2619 | D:3      | Found a runed translucent door.
  2620 | D:3      | Noticed Crazy Yiuf
  2634 | D:3      | Killed Crazy Yiuf
  2976 | D:3      | Identified the +6 scimitar of Chaos {flame, rF+ Str-4
                  | Int+2}
  3196 | D:4      | Reached skill level 5 in Spellcasting
  3196 | D:4      | Reached skill level 1 in Hexes
  3196 | D:4      | Reached XP level 7. HP: 52/52 MP: 14/14
  3271 | D:4      | Found a white marble altar of Elyvilon.
  3338 | D:4      | Found a sand-covered staircase.
  3345 | Ossuary  | Entered an ossuary
  3805 | Ossuary  | Reached skill level 5 in Fighting
  3865 | Ossuary  | Reached XP level 8. HP: 55/63 MP: 15/15
  4114 | D:4      | Reached skill level 5 in Hexes
  4481 | D:4      | Learned a level 4 spell: Summon Lightning Spire
  4751 | D:5      | Entered Level 5 of the Dungeon
  4792 | D:5      | Reached skill level 1 in Armour
  4887 | D:5      | Found a stormy altar of Qazlal.
  4911 | D:5      | Noticed Eustachio
  4911 | D:5      | Noticed Edmund
  4921 | D:5      | Killed Edmund
  4923 | D:5      | Noticed Pikel
  4932 | D:5      | Killed Eustachio
  4940 | D:5      | Killed Pikel
  4941 | D:5      | Reached skill level 5 in Armour
  4941 | D:5      | Reached XP level 9. HP: 30/72 MP: 10/16
  5177 | D:5      | Reached skill level 1 in Long Blades
  5189 | D:5      | Reached skill level 1 in Air Magic
  5918 | D:5      | Identified the +8 mace of Wrongful Imprisonment {protect,
                  | rElec rC+}
  6114 | D:6      | Found a hide-covered altar of Uskayaw.
  6128 | D:6      | Reached XP level 10. HP: 79/79 MP: 11/17
  6270 | D:6      | Found a burning altar of Makhleb.
  6271 | D:6      | Found a shimmering altar of Xom.
  6273 | D:6      | Reached skill level 5 in Long Blades
  6504 | D:6      | Reached skill level 5 in Air Magic
  6776 | D:7      | Learned a level 5 spell: Yara's Violent Unravelling
  7028 | D:7      | Found a glowing golden altar of the Shining One.
  7288 | D:7      | Found a radiant altar of Vehumet.
  7300 | D:7      | Found a hazy altar of Hepliaklqana.
  7337 | D:7      | Found Guosia's Magic Scroll Shop.
  7342 | D:7      | Bought a scroll of identify for 26 gold pieces
  7342 | D:7      | Bought a scroll of identify for 26 gold pieces
  7342 | D:7      | Bought a scroll of identify for 26 gold pieces
  7625 | D:7      | Found a staircase to the Ecumenical Temple.
  7634 | Temple   | Entered the Ecumenical Temple
  7676 | Temple   | Became a worshipper of Cheibriados the Contemplative
  7914 | D:8      | Found an opulent altar of Gozag.
  7983 | D:8      | Noticed a gargoyle
  7995 | D:8      | Killed a gargoyle
  8203 | D:8      | Found a runed translucent door.
  8205 | D:8      | Found a basalt altar of Yredelemnul.
  8313 | D:8      | Reached skill level 5 in Dodging
  8459 | D:8      | Found an ancient bone altar of Kikubaaqudgha.
  8463 | D:8      | Reached * piety under Cheibriados
  8652 | D:9      | Noticed a two-headed ogre
  8660 | D:9      | Killed a two-headed ogre
  8850 | D:9      | Found Lag Teah's Firing Range.
  9163 | D:9      | Noticed a white ugly thing
  9179 | D:9      | HP: 2/79 [white ugly thing (3)]
  9179 | D:9      | Demolished by a white ugly thing

Illustrated notes

Levels and vault maps discovered:
D:1:      psy_arrival_whirlpool, layout_basic, serial_glass, glass_columns_a,
          glass_columns_a, glass_columns_b, glass_columns_b, glass_columns_c,
          glass_columns_b
D:2:      minmay_razor_zed, layout_rooms, nicolae_ecumenical_snake_handling,
          uniq_robin
D:3:      minmay_octagon_keep, layout_rooms, palyth_stone_intersect,
          uniq_sigmund, uniq_crazy_yiuf_cottage
D:4:      layout_basic, elyvilon_altar_3, lightli_ossuary_entry_decrepit_ruins,
          minmay_ogre_servants
D:5:      layout_rooms, nicolae_overflow_hidden_temple, hangedman_decor_push,
          minmay_misc_feat_tiny, chequers_serial_rivers_marsh,
          chequers_serial_rivers_small_b, dreamdust_wishing_well, uniq_pikel,
          uniq_eustachio, uniq_edmund
D:6:      layout_cave_pods, grunt_temple_overflow_champion_of_chaos,
          nicolae_uskayaw_dance_studio, nrook_mini_vaults,
          hangedman_minor_gate_pass
D:7:      layout_loops_ring, lemuel_crystal_altar,
          mainiacjoe_overflow_large_starburst, minmay_temple_entry_hall,
          serial_shops, nicolae_shop_hallway_plus
D:8:      layout_cave_pools, mainiacjoe_overflow_boulevard,
          dk_yredelemnul_ordeal, nicolae_overflow_crystal_walls
D:9:      layout_loops_ring, mainiacjoe_overflow_alcove_2,
          kennysheep_okawaru_gauntlet, nicolae_shop_firing_range
Temple:   corrupted_temple

Skill      XL: |  1  2  3  4  5  6  7  8  9 10 |
---------------+-------------------------------+-----
Summonings     | 5 6 7 |  7.0
Fighting       | 1 2 3 5 7 |  7.0
Spellcasting   | 3 4 5 |  5.0
Hexes          | 1 4 7 |  7.0
Armour         | 5 7 |  7.0
Long Blades    | 4 7 |  7.8
Air Magic      | 4 7 |  7.0
Dodging        | 6 |  6.1
Stealth        | |  1.7

Action                   |  1- 3 |  4- 6 |  7- 9 | 10-12 || total
-------------------------+-------+-------+-------+-------++-------
Melee: Unarmed           |    10 |       |       |       ||    10
       Short sword       |    12 |       |       |       ||    12
       Dagger            |    10 |   107 |     8 |       ||   125
       Punch             |       |     1 |     3 |     2 ||     6
       Scimitar          |       |       |   199 |   133 ||   332
 Cast: Summon Small Mamm |    33 |    13 |       |       ||    46
       Call Imp          |     6 |    10 |     6 |     7 ||    29
       Call Canine Famil |       |     6 |    14 |    12 ||    32
       Tukima's Dance    |       |       |     6 |     5 ||    11
       Summon Lightning  |       |       |     1 |     4 ||     5
Evoke: Wand              |       |       |     1 |       ||     1
  Use: Scroll            |       |    10 |     5 |     7 ||    22
       Potion            |       |     3 |     2 |       ||     5
 Stab: Sleeping          |     1 |       |     1 |     3 ||     5
       Distracted        |     1 |       |       |     3 ||     4
Armor: Robe              |    11 |    18 |       |       ||    29
       Leather armour    |       |    32 |    91 |    38 ||   161
Dodge: Dodged            |    22 |   106 |   177 |    85 ||   390

Table legend: (Time is in decaauts)
 A = Elapsed time spent in this place.
 B = Non-inter-level travel time spent in this place.
 C = Inter-level travel time spent in this place.
 D = Time resting spent in this place.
 E = Time spent auto-exploring this place.
 F = Levels seen in this place.
 G = Mean time per level.
                   A        B        C        D        E       F      G
               +--------+--------+--------+--------+--------+-----+--------+
         Total |  10563 |  10250 |    313 |   2390 |   5206 |  11 |  960.3 |
       Dungeon |   9805 |   9526 |    279 |   2226 |   5176 |   9 | 1089.4 |
        Temple |     71 |     38 |     33 |      0 |     30 |   1 |   71.0 |
       Ossuary |    686 |    686 |      0 |    164 |      0 |   1 |  686.0 |
               +--------+--------+--------+--------+--------+-----+--------+

Top non-repeatable levels by time:
     D:2: 1533 daAuts
     D:4: 1433 daAuts
     D:7: 1115 daAuts
     D:8: 1097 daAuts
     D:3: 1074 daAuts
     D:5: 1060 daAuts
     D:6: 1040 daAuts
     D:1: 731 daAuts
     D:9: 717 daAuts
 Ossuary: 686 daAuts
  Temple: 71 daAuts
